 Dungeon Crawl Stone Soup version 0.29.1-14-g9c671dbff4 (webtiles) character file.

Game seed: 11293611416460966349

67 sizableburger the Slasher (level 4, -5/35 HPs)
             Began as a Human Warper on Feb 16, 2023.
             Slain by an orc
             ... wielding a +0 flail
              (7 damage)
             ... on level 3 of the Dungeon.
             The game lasted 00:03:29 (3273 turns).

sizableburger the Slasher (Human Warper)            Turns: 3273, Time: 00:03:30

Health: -5/35      AC:  3    Str: 11    XL:     4   Next: 40%
Magic:  5/7        EV: 11    Int: 16    God:
Gold:   127        SH:  0    Dex: 12    Spells: 5/7 levels left

rFire   . . .      SeeInvis .   a - +0 falchion
rCold   . . .      Faith    .   (no shield)
rNeg    . . .      Spirit   .   b - +0 leather armour
rPois   .          Reflect  .   (no helmet)
rElec   .          Harm     .   (no cloak)
rCorr   .          Rampage  .   (no gloves)
Will    .....                   (no boots)
Stlth   +.........              (no amulet)
HPRegen 0.11/turn               (no ring)
MPRegen 0.10/turn               (no ring)

@: on blink cooldown
A: no striking features
a: no special abilities


You were on level 3 of the Dungeon.
You visited 1 branch of the dungeon, and saw 3 of its levels.

You collected 127 gold pieces.

Inventory:

Hand Weapons
 a - a +0 falchion (weapon)
Missiles
 d - 5 boomerangs of dispersal (quivered)
Armour
 b - a +0 leather armour (worn)
Scrolls
 c - a scroll of blinking
 g - a scroll of amnesia {unknown}
 i - a scroll of enchant weapon {unknown}
 k - 3 scrolls of identify {unknown}
 l - a scroll of teleportation {unknown}
 m - a scroll of enchant armour {unknown}
 o - 3 scrolls of acquirement {unknown}
 p - a scroll of magic mapping {unknown}
Potions
 e - a potion of berserk rage {unknown}
 f - a potion of ambrosia {unknown}
 h - a potion of might {unknown}
 j - a potion of mutation {unknown}
 n - 2 potions of resistance {unknown}


   Skills:
 - Level 3.0 Fighting
 + Level 3.2 Long Blades
 - Level 1.0 Throwing
 - Level 1.0 Armour
 + Level 2.3 Dodging
 - Level 2.0 Spellcasting
 - Level 3.0 Translocations


You had 5 spell levels left.
You knew the following spells:

 Your Spells              Type           Power      Damage    Failure   Level
a - Blink                 Tloc           22%        N/A       12%         2

Your spell library contained the following spells:

 Spells                   Type           Power      Damage    Failure   Level
 Gell's Gravitas          Tloc           11%        N/A       24%         3
 Lesser Beckoning         Tloc           11%        N/A       24%         3
 Teleport Other           Tloc           11%        N/A       24%         3
 Magic Dart               Conj           4%         1d3       26%         1
 Call Imp                 Summ           1%         N/A       38%         2
 Mephitic Cloud           Conj/Pois/Air  1%         N/A       63%         3
 Manifold Assault         Tloc           11%        N/A       91%         5
 Leda's Liquefaction      Hex/Erth       0%         N/A       95%         4
 Lee's Rapid Deconstruct  Erth           0%         3d5*      100%        5
 Statue Form              Tmut/Erth      0%         N/A       100%        6


Dungeon Overview and Level Annotations

Branches:
Dungeon (3/15)

Altars:
Cheibriados


Message History

An orc comes into view. It is wielding a +0 club.
The orc shouts!
You hear a shout!
You hit the orc but do no damage. The orc barely misses you.
You hit the orc but do no damage.
The orc hits you with a +0 whip of pain.
You closely miss the orc.
An orc comes into view. It is wielding a +0 flail.
You hit the orc.
The orc is lightly wounded.
You hit the orc.
You kill the orc!
The orc misses you. The orc hits you but does no damage.
You hit the orc but do no damage. The orc completely misses you.
You hit the orc. You punch the orc, but do no damage.
The orc is moderately wounded.
The orc hits you with a +0 whip of pain.
You hit the orc but do no damage.
The orc is moderately wounded.
The orc misses you.
You hit the orc.
You kill the orc!
The orc hits you with a +0 flail!
You are too injured to fight recklessly!
You are too injured to fight recklessly!
The orc attacks as you move away! The orc hits you with a +0 flail!
* * * LOW HITPOINT WARNING * * *
The orc attacks as you move away! The orc hits you with a +0 flail.
* * * LOW HITPOINT WARNING * * *
Casting: Blink (safe; 12% risk of failure)
Confirm with . or Enter, or press ? or * to list all spells.
You blink.
Okay, then.
You aren't carrying any items that you can evoke.
Throw: 6 boomerangs (disperse)
Press: ? - help, Q - select action, (/) - cycle Shift-Dir - straight line, f - orc
Aim: an orc, wielding a +0 flail and wearing a +0 ring mail (61% to hit)
You throw a boomerang of dispersal.
The boomerang of dispersal closely misses the orc.
The orc hits you with a +0 flail!
You die...

##. ##... ....
... .######.#
........######
.#......<....#
.............#
#.....@o....#
..........)..#
##...........#
####........#
#.....)).#
#.....$..#
####.#.....
#.#.....
#.#......


You could see an orc.

Vanquished Creatures
  An adder (D:2)
  2 worms (D:2)
  2 dart slugs
  2 orcs (D:3)
  8 ball pythons
  An endoplasm (D:2)
  8 hobgoblins
  3 jackals (D:1)
  5 kobolds
  3 quokkas (D:2)
  3 bats
  2 frilled lizards
  3 goblins
  2 rats
45 creatures vanquished.

Notes
Turn   | Place    | Note
-------+----------+-------------------------------------------
     0 | D:1      | sizableburger the Human Warper began the quest for the Orb.
     0 | D:1      | Reached XP level 1. HP: 16/16 MP: 3/3
   232 | D:1      | Reached XP level 2. HP: 21/22 MP: 5/5
   789 | D:1      | Reached XP level 3. HP: 22/28 MP: 6/6
   792 | D:1      | Learned a level 2 spell: Blink
  1817 | D:2      | Found a faded altar of an unknown god.
  1895 | D:2      | Reached XP level 4. HP: 27/35 MP: 7/7
  2578 | D:2      | Found a snail-covered altar of Cheibriados.
  3271 | D:3      | HP: 1/35 [orc/+0 flail (3)]
  3273 | D:3      | Slain by an orc

Illustrated notes

Levels and vault maps discovered:
D:1:      scummos_arrival_star, layout_loops_ring
D:2:      layout_basic, serial_co_window_serial, co_window_paths_a,
          co_window_corner_a, co_window_corner_a, co_window_corner_a,
          co_window_paths_b, co_window_unsneaky_path_e, co_window_broadway_a,
          co_window_unsneaky_path_a, co_window_cross_3,
          co_window_unsneaky_path_c, co_window_2corner,
          co_window_unsneaky_path_d, glass_columns_a, glass_columns_c,
          glass_columns_a, basic_altar,
          dreamdust_ecumenical_altar_hidden_monk_grotto, minmay_surrounded
D:3:      layout_basic

Skill      XL: |  1  2  3 |
---------------+----------+-----
Fighting       | 3 |  3.0
Long Blades    | 3 |  3.2
Throwing       | |  1.0
Armour         | |  1.0
Dodging        | |  2.3
Spellcasting   | |  2.0
Translocations | |  3.0

Action                   |  1- 3 |  4- 6 || total
-------------------------+-------+-------++-------
Melee: Falchion          |   114 |    46 ||   160
       Punch             |       |     1 ||     1
Throw: Boomerang         |     1 |     1 ||     2
 Cast: Blink             |     1 |     1 ||     2
Armor: Leather armour    |    47 |    11 ||    58
Dodge: Dodged            |   106 |    24 ||   130
